 Dungeon Crawl Stone Soup version 0.19.1-1-g22dce08 (webtiles) character file.

132 Alarkh the Chopper (level 4, 0/35 HPs)
             Began as a Demonspawn Monk on Jan 7, 2017.
             Shot with a stone by a goblin (2 damage)
             ... on level 3 of the Dungeon.
             The game lasted 00:03:59 (3316 turns).

Alarkh the Chopper (Demonspawn Monk)                Turns: 3316, Time: 00:03:59

Health: 0/35       AC:  2    Str: 11    XL:     4   Next: 92%
Magic:  4/4        EV: 13    Int: 13    God:
Gold:   169        SH:  0    Dex: 15    Spells: 0 memorised, 3 levels left

rFire  . . .     SeeInvis .     a - +0 hand axe
rCold  . . .     Gourm    .     b - +0 robe
rNeg   . . .     Faith    .     (no shield)
rPois  .         Spirit   .     (helmet restricted)
rElec  .         Reflect  .     (no cloak)
rCorr  .         Harm     .     (no gloves)
MR     .....                    (no boots)
Stlth  ++++......               (no amulet)
                                (no ring)
                                j - +2 ring of dexterity

@: no status effects
A: horns 1, clumsy 1, nightstalker 2, screaming 1, wild magic 1
a: no special abilities


You were on level 3 of the Dungeon.
You were not hungry.

You visited 1 branch of the dungeon, and saw 4 of its levels.

You collected 169 gold pieces.

Inventory:

Hand Weapons
 a - a +0 hand axe (weapon)
Armour
 b - a +0 robe (worn)
Jewellery
 j - a +2 ring of dexterity (left hand)
Scrolls
 e - a scroll of identify
 f - a scroll of recharging {unknown}
 g - 3 scrolls of teleportation
 m - 2 scrolls of remove curse {unknown}
 o - 2 scrolls of enchant armour {unknown}
 p - a scroll of noise {unknown}
Potions
 d - 3 potions of flight
 h - a potion of degeneration {unknown}
 k - a potion of mutation
 q - a potion of cancellation {unknown}
 r - a potion of brilliance {unknown}
Comestibles
 c - a bread ration
 i - 2 meat rations
 l - 8 chunks of flesh
 n - 3 fruits
 s - a slice of pizza


   Skills:
 - Level 3.0 Fighting
 + Level 5.1 Axes
 - Level 2.6 Dodging
 - Level 1.7 Stealth


You had 3 spell levels left.
You didn't know any spells.

Dungeon Overview and Level Annotations

Branches:
Dungeon (4/15)
 Temple: D:4-7

Altars:
Cheibriados
Hepliaklqana
Kikubaaqudgha
Nemelex Xobeh
Sif Muna


Innate Abilities, Weirdness & Mutations

You have a pair of small horns on your head.
You are significantly more attuned to the shadows.
You are clumsy. (Dex -2)
You occasionally shout uncontrollably at your foes.
Your spells are a little harder to cast, but a little more powerful.


Message History

Okay, then.
Some of the chunks of flesh in your inventory have rotted away.
The goblin shoots a stone.
The stone closely misses you.
Things that are here:
a stone; a hobgoblin skeleton The goblin shoots a stone.
The stone hits you.
You see here a stone.
The goblin shoots a stone.
The stone hits you.
* * * LOW HITPOINT WARNING * * *
You see here a stone.
The goblin unwields an uncursed hunting sling.
The goblin wields an uncursed club.
The goblin hits you with an uncursed club.
* * * LOW HITPOINT WARNING * * *
The goblin closely misses you. The orc hits you with a hand axe.
* * * LOW HITPOINT WARNING * * *
The goblin unwields an uncursed club.
The goblin wields an uncursed hunting sling.
The goblin shoots a stone.
The stone hits you.
You die...

. . # # ## #.#####. # ....
#.. ....... #
.....#####.###.....# #
............@...##.##########
#........o.##..##...........
#..g.)..go.o(..............
#.o(..<.####(#############
##(###### #.# ##.##########o#
#....o..o.o...#
#..############## #?#


You could see 2 orcs and a goblin.

Vanquished Creatures
  3 adders (D:2)
  3 gnolls (D:2)
  2 dart slugs
  2 worms (D:2)
  2 leopard geckos (D:1)
  2 orcs
  7 bats
  A giant cockroach (D:1)
  7 goblins
  9 hobgoblins
  3 jackals (D:3)
  7 kobolds
  2 quokkas
  A ball python (D:3)
  9 frilled lizards
  5 rats
65 creatures vanquished.

Notes
Turn   | Place    | Note
-------+----------+-------------------------------------------
     0 | D:1      | Alarkh the Demonspawn Monk began the quest for the Orb.
     0 | D:1      | Reached XP level 1. HP: 18/18 MP: 1/1
    25 | D:1      | Reached skill level 3 in Axes
   261 | D:1      | Gained mutation: You have a pair of small horns on your head. [demonic ancestry]
   261 | D:1      | Reached XP level 2. HP: 24/24 MP: 2/2
   750 | D:2      | Gained mutation: You are slightly more attuned to the shadows. [demonic ancestry]
   750 | D:2      | Reached XP level 3. HP: 27/29 MP: 3/3
  1048 | D:2      | You fall through a shaft for 2 floors!
  1269 | D:3      | Reached skill level 4 in Axes
  1375 | D:3      | Found a hazy altar of Hepliaklqana.
  1568 | D:2      | Gained mutation: You are significantly more attuned to the shadows. [demonic ancestry]
  1568 | D:2      | Reached XP level 4. HP: 29/35 MP: 4/4
  1692 | D:2      | Gained mutation: Your spells are a little harder to cast, but a little more powerful. [potion of mutation]
  1692 | D:2      | Gained mutation: You are clumsy. (Dex -2) [potion of mutation]
  1692 | D:2      | Gained mutation: You occasionally shout uncontrollably at your foes. [potion of mutation]
  2453 | D:2      | Reached skill level 5 in Axes
  2751 | D:2      | Found a deep blue altar of Sif Muna.
  3134 | D:3      | Found a sparkling altar of Nemelex Xobeh.
  3136 | D:3      | Found a snail-covered altar of Cheibriados.
  3139 | D:3      | Found an ancient bone altar of Kikubaaqudgha.
  3316 | D:3      | Shot with a stone by a goblin

Skill      XL: |  1  2  3  4 |
---------------+-------------+-----
Axes           | 3 4 5 |  5.1
Fighting       | |  3.0
Dodging        | |  2.6
Stealth        | |  1.7

Action                   |  1- 3 |  4- 6 || total
-------------------------+-------+-------++-------
Melee: Hand axe          |   117 |    91 ||   208
       Headbutt          |    13 |    10 ||    23
  Use: Potion            |     1 |     2 ||     3
       Scroll            |     2 |       ||     2
 Stab: Sleeping          |     5 |     6 ||    11
  Eat: Chunk             |     2 |     6 ||     8
Armor: Robe              |    13 |    15 ||    28
Dodge: Dodged            |    76 |    68 ||   144
